 Dungeon Crawl Stone Soup version 0.28-a0-2-g643f2454ad (webtiles) character file.

Game seed: 16722837701599504362

3812 pokeman the Thaumaturge (level 9, -9/51 HPs)
             Began as a Deep Elf Hedge Wizard on July 23, 2021.
             Was an Initiate of Vehumet.
             Mangled by a catoblepas (18 damage)
             ... on level 8 of the Dungeon.
             The game lasted 00:21:08 (9528 turns).

pokeman the Thaumaturge (Deep Elf Hedge Wizard)     Turns: 9528, Time: 00:21:09

Health: -9/51      AC:  7    Str:  7    XL:     9   Next: 96%
Magic:  12/27      EV: 13    Int: 23    God:    Vehumet [......]
Gold:   380        SH:  0    Dex: 14    Spells: 21/32 levels left

rFire   + . .      SeeInvis .   A - +2 whip (venom)
rCold   + . .      Faith    .   (no shield)
rNeg    . . .      Spirit   .   c - +0 steam dragon scales
rPois   .          Reflect  .   p - +0 helmet
rElec   .          Harm     .   a - scarf {rC+ rF+}
rCorr   .          Rampage  .   (no gloves)
Will    .....                   v - +0 pair of boots
Stlth   ++........              (no amulet)
HPRegen 0.17/turn               (no ring)
MPRegen 0.20/turn               (no ring)

@: no status effects
A: no striking features
a: Renounce Religion


You were on level 8 of the Dungeon.
You worshipped Vehumet.
Vehumet was noncommittal.
You visited 2 branches of the dungeon, and saw 9 of its levels.

You collected 380 gold pieces.

Inventory:

Hand Weapons
 q - a +0 shortbow
 A - a +2 whip of venom (weapon)
Missiles
 j - 86 arrows
 B - 2 throwing nets
Armour
 a - a scarf of resistance (worn)
 c - +0 steam dragon scales (worn)
 p - a +0 helmet (worn)
 v - a +0 pair of boots (worn)
Magical Staves
 r - a staff of conjuration
 y - a staff of death
Jewellery
 x - a ring of ice
Wands
 u - a wand of acid (12)
 C - a wand of charming (16)
 G - a wand of iceblast (6)
Scrolls
 b - 2 scrolls of magic mapping {unknown}
 g - 3 scrolls of amnesia {unknown}
 h - 5 scrolls of identify {unknown}
 i - 3 scrolls of noise {unknown}
 l - a scroll of vulnerability {unknown}
 m - a scroll of silence {unknown}
 s - 2 scrolls of fog {unknown}
 t - a scroll of teleportation {unknown}
 w - a scroll of blinking {unknown}
 D - 2 scrolls of fear {unknown}
 E - a scroll of acquirement {unknown}
Potions
 d - 3 potions of curing {unknown}
 e - 2 potions of magic {unknown}
 f - a potion of lignification {unknown}
 k - a potion of heal wounds {unknown}
 n - 2 potions of degeneration {unknown}
 o - 2 potions of berserk rage {unknown}
 z - a potion of ambrosia {unknown}
 F - 3 potions of attraction {unknown}


   Skills:
 + Level 3.6 Fighting
 - Level 3.0 Armour
 - Level 3.3 Dodging
 - Level 3.1 Stealth
 * Level 12.2 Spellcasting
 + Level 7.0 Conjurations
 - Level 1.1 Summonings
 - Level 1.1 Translocations
 + Level 6.1 Fire Magic
 - Level 1.2 Air Magic
 - Level 1.3 Poison Magic
 - Level 1.0 Evocations


You had 21 spell levels left.
You knew the following spells:

 Your Spells              Type           Power      Damage    Failure   Level
a - Magic Dart            Conj           100%       1d8       1%          1
b - Mephitic Cloud        Conj/Pois/Air  28%        N/A       3%          3
c - Call Imp              Summ           19%        N/A       4%          2
d - Blink                 Tloc           N/A        N/A       4%          2
e - Conjure Flame         Conj/Fire      44%        6-21      1%          3

Your spell library contained the following spells:

 Spells                   Type           Power      Damage    Failure   Level
 Animate Skeleton         Necr           28%        N/A       4%          1
 Pain                     Necr           56%        1d6       4%          1
 Slow                     Hex            14%        N/A       7%          2
 Vampiric Draining        Necr           7%         2d7       14%         3
 Passage of Golubria      Tloc           N/A        N/A       28%         4
 Silence                  Hex/Air        8%         N/A       67%         5
 Lehudib's Crystal Spear  Conj/Erth      15%        10d5      100%        8


Dungeon Overview and Level Annotations

Branches:
Dungeon (8/15)             Temple (1/1) D:7
   Lair: D:8-11

Altars:
Ashenzari
Cheibriados
Dithmenos
Fedhas
Gozag
Hepliaklqana
Kikubaaqudgha
Makhleb
Nemelex Xobeh
Okawaru
Qazlal
Ru
Sif Muna
Uskayaw
Vehumet
Wu Jian
Xom
Yredelemnul
Zin
The Shining One

Shops:
D:5 *   D:7 [!


Message History

You swap places.
The catoblepas barely misses your white imp.
Your white imp gestures at the catoblepas.
The puff of frost hits the catoblepas.
Unknown command.
The catoblepas gores your white imp!
Your white imp dies!
Casting: Call Imp (safe; 4% risk of failure)
Confirm with . or Enter, or press ? or * to list all spells.
Aiming: Mephitic Cloud (dangerous; 3% risk of failure)
Press: ? - help, Shift-Dir - straight line, f - catoblepas
Aim: a catoblepas (moderately wounded, chance to affect: 34%)
The ball explodes into a vile cloud!
The stinking cloud engulfs the catoblepas but does no damage.
The catoblepas is moderately wounded.
The catoblepas is engulfed in noxious fumes. x2
The catoblepas appears confused.
Unknown command.
Unknown command.
You hit the catoblepas but do no damage.
The catoblepas is poisoned.
The catoblepas is moderately wounded.
The catoblepas completely misses you.
Unknown command.
The catoblepas gores you.
Unknown command.
Casting: Mephitic Cloud (dangerous; 3% risk of failure)
Confirm with . or Enter, or press ? or * to list all spells.
The fire begins to smoulder!
The catoblepas seems less confused.
The catoblepas gores you!!
Your magical contamination has completely faded away.
Unknown command.
Unknown command.
The catoblepas smothers the flame.
Casting: Conjure Flame (safe; 1% risk of failure)
Confirm with . or Enter, or press ? or * to list all spells.
You blink.
The acid dragon bites you!
* * * LOW HITPOINT WARNING * * *
The acid dragon closely misses you. The catoblepas gores you!!
You die...

# #........# #
########.# # #.# #
###.## # #....# #
##.##.# ..
##..##ยง# ###
##.#.##Y##
##..##..D@#
#.#..##.#.#
....###..##......#
##.##.##..##.###.#
#.##..l##..##.#
#.##..#..##..##.#
.##..###..##..##.#
##..##[##..##..##.
..##)..8..:##..#


You could see a catoblepas (poisoned), a basilisk and an acid dragon.

Vanquished Creatures
  Pikel (D:4)
  Maggie (D:6)
  A troll (D:6)
  Prince Ribbit (D:6)
  A steam dragon (D:4)
  Menkaure (D:4)
  Duvessa (D:6)
  2 ice beasts (D:5)
  Purgy (D:3)
  2 orc warriors
  A necrophage (D:6)
  2 ogres
  2 centaurs
  A phantom (D:6)
  A kobold brigand (D:6)
  Dowan (D:6)
  A scorpion (D:5)
  2 water moccasin zombies
  A water moccasin skeleton (D:4)
  4 howler monkeys (D:8)
  A bullfrog zombie (D:5)
  A centaur zombie (D:5)
  5 orc priests
  2 centaur skeletons
  3 jellies
  2 bullfrog skeletons
  3 hounds (D:4)
  2 iguanas
  6 orc wizards
  A howler monkey zombie (D:6)
  Robin (D:4)
  3 howler monkey skeletons
  3 gnolls (D:5)
  7 adders
  2 ufetubi (D:5)
  An adder skeleton (D:4)
  2 worms (D:3)
  5 dart slugs
  20 orcs
  4 ball pythons
  5 bats
  9 endoplasms
  3 giant cockroaches
  11 goblins
  11 hobgoblins
  5 jackals (D:4)
  8 quokkas
  7 frilled lizards
  10 kobolds
  8 rats
179 creatures vanquished.

Vanquished Creatures (collateral kills)
  A shadow imp (D:6)
  An orc (D:6)
2 creatures vanquished.

Vanquished Creatures (others)
  17 plants (D:6)
17 creatures vanquished.

Grand Total: 198 creatures vanquished

Notes
Turn   | Place    | Note
-------+----------+-------------------------------------------
     0 | D:1      | pokeman the Deep Elf Hedge Wizard began the quest for the
                  | Orb.
     0 | D:1      | Reached XP level 1. HP: 10/10 MP: 7/7
   129 | D:1      | You fall into a shaft and drop 1 floor!
   192 | D:1      | Reached XP level 2. HP: 9/16 MP: 2/9
   992 | D:1      | Found a faded altar of an unknown god.
  1059 | D:1      | Reached skill level 5 in Spellcasting
  1274 | D:2      | Reached XP level 3. HP: 20/20 MP: 8/11
  1280 | D:1      | Learned a level 3 spell: Mephitic Cloud
  1283 | D:1      | Learned a level 2 spell: Call Imp
  1286 | D:1      | Learned a level 2 spell: Blink
  1290 | D:1      | Learned a level 3 spell: Conjure Flame
  1537 | D:2      | Reached skill level 1 in Fighting
  1628 | D:2      | Reached skill level 1 in Armour
  2045 | D:3      | Reached XP level 4. HP: 25/25 MP: 11/13
  2481 | D:3      | Reached skill level 1 in Fire Magic
  2804 | D:3      | Noticed Purgy
  2811 | D:3      | Killed Purgy
  2812 | D:3      | Reached skill level 6 in Spellcasting
  2812 | D:3      | Reached skill level 1 in Air Magic
  2812 | D:3      | Reached XP level 5. HP: 26/29 MP: 7/15
  3236 | D:3      | Found an iron altar of Okawaru.
  3285 | D:3      | Found a shadowy altar of Dithmenos.
  3286 | D:3      | Found a snail-covered altar of Cheibriados.
  3286 | D:3      | Found a broken altar of Ashenzari.
  3348 | D:4      | Noticed Robin
  3487 | D:4      | Killed Robin
  3786 | D:4      | Noticed a steam dragon
  3789 | D:4      | Noticed an ogre
  3803 | D:4      | Noticed a centaur
  3803 | D:4      | Killed a steam dragon
  3804 | D:4      | Reached skill level 7 in Spellcasting
  3804 | D:4      | Reached skill level 1 in Poison Magic
  3804 | D:4      | Reached XP level 6. HP: 10/34 MP: 5/18
  4247 | D:4      | Noticed Menkaure
  4263 | D:4      | Killed Menkaure
  4264 | D:4      | Reached XP level 7. HP: 21/38 MP: 8/20
  4269 | D:4      | Reached skill level 8 in Spellcasting
  4400 | D:4      | You fall into a shaft and drop 1 floor!
  4400 | D:5      | Entered Level 5 of the Dungeon
  4508 | D:4      | Noticed Pikel
  4545 | D:4      | Killed Pikel
  4546 | D:4      | Reached skill level 9 in Spellcasting
  4546 | D:4      | Reached XP level 8. HP: 17/44 MP: 6/23
  4993 | D:4      | Reached skill level 5 in Conjurations
  5295 | D:5      | Reached skill level 10 in Spellcasting
  5754 | D:5      | Reached skill level 1 in Evocations
  6049 | D:5      | Reached XP level 9. HP: 48/48 MP: 16/25
  6117 | D:5      | Found Heckeuratz's Gadget Gallery.
  6390 | D:5      | Found a glowing silver altar of Zin.
  6619 | D:6      | Noticed a troll
  6620 | D:6      | Noticed Maggie
  6628 | D:6      | Killed a troll
  6638 | D:6      | Killed Maggie
  6639 | D:6      | Reached skill level 11 in Spellcasting
  6639 | D:6      | Reached skill level 5 in Fire Magic
  7544 | D:6      | Noticed Duvessa
  7544 | D:6      | Noticed Dowan
  7556 | D:6      | Killed Duvessa
  7558 | D:6      | Noticed Prince Ribbit
  7560 | D:6      | Killed Dowan
  7586 | D:6      | Killed Prince Ribbit
  8180 | D:7      | Found Dauf's Armour Boutique.
  8204 | D:7      | Found Gostep's Distillery.
  8420 | D:7      | Found a staircase to the Ecumenical Temple.
  8431 | Temple   | Entered the Ecumenical Temple
  8656 | Temple   | Became a worshipper of Vehumet
  8843 | D:7      | Reached skill level 12 in Spellcasting
  9497 | D:8      | Noticed a centaur warrior
  9505 | D:8      | Noticed a catoblepas
  9528 | D:8      | Mangled by a catoblepas

Illustrated notes

Levels and vault maps discovered:
D:1:      grunt_arrival_crossed_arrows, layout_basic, basic_ecumenical_altar,
          minmay_misc_feat_rows
D:2:      layout_basic
D:3:      layout_basic, minitemple, grunt_ministairs_10, uniq_purgy
D:4:      minmay_chambers_of_threes, layout_basic, uniq_robin, uniq_menkaure,
          uniq_pikel
D:5:      layout_cave_pools, zin_treasury, nicolae_shop_gadgets
D:6:      layout_loops_ring, lexackson_kobold_supper, uniq_maggie,
          uniq_prince_ribbit1, uniq_duvessa
D:7:      layout_rooms, minmay_temple_entry_poolview, serial_shops,
          nicolae_take_the_stairs, nicolae_shop_statue_plus, kennysheep_doodads,
          minmay_misc_feat_alley
D:8:      layout_loops_ring, serial_shops, nicolae_shop_waterfront,
          minmay_diamond_spiral
Temple:   regret_index_temple_generic_petals

Skill      XL: |  1  2  3  4  5  6  7  8  9 |
---------------+----------------------------+-----
Spellcasting   | 5 6 7 9 10 12 | 12.2
Fighting       | 1 2 3 |  3.6
Armour         | 1 2 3 |  3.0
Conjurations   | 2 3 4 5 7 |  7.0
Fire Magic     | 1 3 4 6 |  6.1
Dodging        | 3 |  3.3
Air Magic      | 1 |  1.2
Stealth        | 3 |  3.1
Poison Magic   | 1 |  1.3
Evocations     | 1 |  1.0
Summonings     | |  1.1
Translocations | |  1.1

Action                   |  1- 3 |  4- 6 |  7- 9 || total
-------------------------+-------+-------+-------++-------
Melee: Dagger            |    26 |       |       ||    26
       Trident           |       |    33 |     7 ||    40
       Whip              |       |       |    85 ||    85
       Staff             |       |       |     8 ||     8
 Cast: Magic Dart        |    97 |   113 |   231 ||   441
       Conjure Flame     |       |     5 |    25 ||    30
       Mephitic Cloud    |       |     5 |    22 ||    27
       Blink             |       |     1 |     5 ||     6
       Call Imp          |       |       |    15 ||    15
 Stab: Confused          |       |     3 |     9 ||    12
       Distracted        |       |       |     1 ||     1
Armor: Robe              |     9 |       |       ||     9
       Leather armour    |       |     2 |       ||     2
       Steam dragon scal |       |     2 |    43 ||    45
Dodge: Dodged            |    32 |    27 |    91 ||   150

Table legend: (Time is in decaauts)
 A = Elapsed time spent in this place.
 B = Non-inter-level travel time spent in this place.
 C = Inter-level travel time spent in this place.
 D = Time resting spent in this place.
 E = Time spent auto-exploring this place.
 F = Levels seen in this place.
 G = Mean time per level.
                   A        B        C        D        E       F      G
               +--------+--------+--------+--------+--------+-----+--------+
         Total |   9552 |   9393 |    159 |   1109 |   6852 |   9 | 1061.3 |
       Dungeon |   9294 |   9166 |    128 |   1109 |   6633 |   8 | 1161.8 |
        Temple |    257 |    226 |     31 |      0 |    219 |   1 |  257.0 |
               +--------+--------+--------+--------+--------+-----+--------+

Top non-repeatable levels by time:
     D:4: 1876 daAuts
     D:3: 1662 daAuts
     D:6: 1475 daAuts
     D:1: 1258 daAuts
     D:5: 1098 daAuts
     D:2: 725 daAuts
     D:7: 683 daAuts
     D:8: 514 daAuts
  Temple: 257 daAuts
